Map: Triton LE

Players

ArT

  • Race: Protoss Protoss
  • Spawn Location: 11:00

goblin - Winner!

  • Race: Protoss Protoss
  • Spawn Location: 5:00

Event: IEM Katowice 2020

VOD

Have the link to the VOD?

Description

Time

  • Played on: Feb. 24, 2020, 10:05 a.m.
  • Length: 7:09

All games in this series

Show
View Real Time Build Order
Export as new Build Order

ArT Protoss 

Build Orders: Phoenix Opening 

Get SALT Encoding   

  12  0:00  Probe  
  13  0:12  Probe  
  14  0:17  Pylon  
  14  0:25  Probe (Chrono Boost)  
  15  0:37  Probe (Chrono Boost), Gateway  
  16  0:45  Probe (Chrono Boost)  
  16  0:46  Assimilator  
  17  0:51  Probe  
  17  0:55  Assimilator  
  18  1:03  Probe  
  19  1:10  Gateway  
  19  1:15  Probe  
  20  1:25  Cybernetics Core  
  20  1:27  Probe  
  21  1:33  Pylon  
  21  1:39  Probe  
  22  1:51  Probe  
  23  2:01  Adept x2  
  23  2:05  Stargate  
  27  2:11  Warp Gate  
  27  2:14  Probe  
  28  2:21  Pylon  
  28  2:34  Stalker  
  30  2:39  Stalker  
  32  2:48  Phoenix (Chrono Boost)  
  34  3:05  Phoenix (Chrono Boost)  
  36  3:21  Nexus  
  36  3:29  Phoenix (Chrono Boost)  
  38  3:39  Pylon  
  36  3:50  Phoenix (Chrono Boost)  
  36  3:51  Shield Battery  
  36  3:55  Gateway  
  38  4:00  Stalker  
  38  4:01  Stalker  
  42  4:18  Shield Battery  
  42  4:20  Phoenix (Chrono Boost)  
  44  4:31  Zealot  
  46  4:44  Phoenix (Chrono Boost)  
  44  4:50  Stalker  
  44  4:51  Gateway  
  42  4:57  Stalker  
  39  5:14  Stalker  
  39  5:20  Stalker  
  43  5:31  Pylon  
  43  5:34  Shield Battery  
  43  5:37  Stalker  
  45  5:43  Sentry  
  47  6:01  Robotics Facility  
  47  6:02  Probe  
  48  6:09  Pylon  
  48  6:22  Pylon  
  48  6:28  Stalker x2  
  48  6:30  Stalker  
  54  6:38  Pylon  
  50  6:57  Stalker x2  
  48  7:03  Stalker  
Show
View Real Time Build Order
Export as new Build Order

goblin Protoss - Winner!

Build Orders:  

Get SALT Encoding   

  12  0:00  Probe  
  13  0:12  Probe  
  14  0:18  Pylon  
  14  0:24  Probe (Chrono Boost)  
  15  0:37  Probe (Chrono Boost)  
  15  0:38  Gateway  
  16  0:45  Probe (Chrono Boost)  
  16  0:46  Assimilator  
  17  0:51  Probe  
  17  0:54  Assimilator  
  18  1:03  Probe (Chrono Boost)  
  19  1:09  Gateway  
  19  1:13  Probe (Chrono Boost)  
  19  1:17  Probe (Chrono Boost)  
  21  1:26  Cybernetics Core  
  21  1:29  Probe  
  22  1:39  Pylon  
  22  1:41  Probe  
  23  2:03  Robotics Facility  
  23  2:05  Stalker x2  
  27  2:08  Warp Gate  
  27  2:14  Pylon  
  27  2:17  Probe  
  28  2:35  Stalker x2  
  32  2:49  Immortal (Chrono Boost)  
  36  2:59  Pylon  
  36  3:16  Shield Battery  
  36  3:17  Warp Prism (Chrono Boost)  
  38  3:47  Immortal (Chrono Boost)  
  42  3:57  Pylon  
  42  3:58  Stalker  
  42  4:00  Sentry  
  46  4:26  Observer (Chrono Boost), Sentry, Stalker  
  46  4:28  Probe  
  52  4:40  Probe  
  53  4:50  Immortal  
  53  4:51  Stalker  
  55  4:54  Pylon  
  47  5:15  Observer, Stalker x2  
  51  5:27  Observer  
  49  5:34  Nexus, Observer  
  49  5:39  Sentry  
  51  5:43  Sentry  
  51  5:49  Probe  
  54  5:55  Pylon  
  54  6:01  Probe  
  54  6:03  Zealot  
  57  6:07  Stalker  
  59  6:14  Observer  
  57  6:19  Probe  
  57  6:25  Gateway, Sentry  
  60  6:26  Gateway  
  60  6:37  Probe  
  65  6:52  Twilight Council  

Tags
 
Add a new tag
Caveats
  • Supply blocks, unpowered buildings, or Contaminate may cause inaccurate times.
  • Supply counts are checked every 10 seconds.